3AA
LANCASTER FARMERS @ BELVEDERE PARK RAWHIDES
09/14/2021
 
TOP OF THE 1ST
Lancaster Farmers batting - Pitching for Belvedere Park Rawhides : RHP Álex Carrillo
Pitching: RHP Álex Carrillo
Batting: RHB Ricardo Pacheco 0-0: Ball
1-0: Ball
2-0: Called Strike
2-1: Swinging Strike
2-2: Ball
3-2: Fly out, F8 (Line Drive, 8RS)
Batting: LHB Rob Wilson 0-0: Ball
1-0: Called Strike
1-1: Ball
2-1: Swinging Strike
2-2: Strikes out looking
Batting: RHB Keith Fish 0-0: Foul Ball, location: 2F
0-1: Swinging Strike
0-2: Ball
1-2: Foul Ball, location: 2F
1-2: Ball
2-2: Foul Ball, location: 2F
2-2: Fly out, F7 (Flyball, 7M)
Top of the 1st over - 0 run(s), 0 hit(s), 0 error(s), 0 left on base; Lancaster 0 - Belvedere Park 0
BOTTOM OF THE 1ST
Belvedere Park Rawhides batting - Pitching for Lancaster Farmers : RHP Roberto Cantú
Pitching: RHP Roberto Cantú
Batting: RHB Enrique Pimentel 0-0: Ball
1-0: Foul Ball, location: 2F
1-1: Swinging Strike
1-2: Foul Ball, location: 2F
1-2: Strikes out swinging
Batting: RHB Ralph McKnight 0-0: Called Strike
0-1: Foul Ball, location: 2F
0-2: Foul Ball, location: 2F
0-2: Ball
1-2: Strikes out swinging
Batting: LHB Christian Blair 0-0: Ball
1-0: Ball
2-0: Ball
3-0: Base on Balls
Batting: RHB Justin Miles 0-0: Called Strike
0-1: Called Strike
0-2: Ball
1-2: Ground out 5-3 (Groundball, 5)
Bottom of the 1st over - 0 run(s), 0 hit(s), 0 error(s), 1 left on base; Lancaster 0 - Belvedere Park 0
TOP OF THE 2ND
Lancaster Farmers batting - Pitching for Belvedere Park Rawhides : RHP Álex Carrillo
Batting: RHB Brent Ryan 0-0: Foul Ball, location: 2F
0-1: Swinging Strike
0-2: Fly out, F9 (Flyball, 9M)
Batting: RHB John Townsend 0-0: Ball
1-0: Called Strike
1-1: Ball
2-1: Ground out 6-3 (Groundball, 6M)
Batting: SHB Janghyun Sam 0-0: Foul Ball, location: 2F
0-1: Foul Ball, location: 2F
0-2: Ball
1-2: Strikes out swinging
Top of the 2nd over - 0 run(s), 0 hit(s), 0 error(s), 0 left on base; Lancaster 0 - Belvedere Park 0
BOTTOM OF THE 2ND
Belvedere Park Rawhides batting - Pitching for Lancaster Farmers : RHP Roberto Cantú
Batting: LHB Chris Henry 0-0: Ball
1-0: Ball
2-0: Ball
3-0: Base on Balls
Batting: SHB Ryan Cook 0-0: Swinging Strike
0-1: Ball
1-1: Foul Ball, location: 2F
1-2: Strikes out swinging
Batting: LHB Gustavo Vázquez 0-0: Foul Ball, location: 2F
0-1: Ball
1-1: Ball
2-1: Swinging Strike
2-2: Ball
3-2: Base on Balls
Chris Henry to second
Batting: SHB Phil Moore 0-0: Ball
1-0: Ball
Chris Henry steals 3rd base
Gustavo Vázquez to second
2-0: Called Strike
2-1: Ball
3-1: Called Strike
3-2: Foul Ball, location: 2F
3-2: Base on Balls
Batting: LHB Dinis Marcha 0-0: Foul Ball, location: 2F
0-1: Called Strike
0-2: Ball
1-2: Ball
2-2: Foul Ball, location: 2F
2-2: Ball
3-2: Base on Balls
Chris Henry scores
Gustavo Vázquez to third
Phil Moore to second
Batting: RHB Enrique Pimentel 0-0: Ball
1-0: Fly out, F4 (Popup, 4)
Batting: RHB Ralph McKnight 0-0: DOUBLE (Line Drive, 7LS)
Gustavo Vázquez scores
Phil Moore scores
Dinis Marcha to third
Runner from 3rd tries for Home, SAFE, no throw or cutoff
Batting: LHB Christian Blair 0-0: Ball
1-0: Swinging Strike
1-1: Called Strike
1-2: SINGLE (Line Drive, 7S)
Ralph McKnight to third
Runner from 3rd tries for Home, SAFE, no throw or cutoff
Batting: RHB Justin Miles 0-0: Ball
1-0: Ground out 5-3 (Groundball, 5)
Bottom of the 2nd over - 5 run(s), 2 hit(s), 0 error(s), 1 left on base; Lancaster 0 - Belvedere Park 5
TOP OF THE 3RD
Lancaster Farmers batting - Pitching for Belvedere Park Rawhides : RHP Álex Carrillo
Batting: SHB Jim Henderson 0-0: Ball
1-0: Ball
2-0: Called Strike
2-1: Ball
3-1: Base on Balls
Batting: RHB Bennett Bates 0-0: Ball
1-0: Ball
2-0: Foul Ball, location: 2F
2-1: Fly out, F7 (Flyball, 7D)
Batting: SHB Michel Perrin 0-0: Ball
1-0: Foul Ball, location: 2F
1-1: Ball
2-1: Swinging Strike
2-2: Foul Ball, location: 2F
2-2: Foul Ball, location: 2F
2-2: SINGLE (Flyball, 9S)
Jim Henderson to second
Runner from 2nd tries for 3rd, SAFE, throw made to third
Batting: RHB Ricardo Pacheco 0-0: Called Strike
0-1: Called Strike
Michel Perrin steals 2nd base
0-2: Ball
1-2: Foul Ball, location: 2F
1-2: Fly out, F9 (Flyball, 9LMF)
Runner from 3rd tags up, SCORES, no throw
Batting: LHB Rob Wilson 0-0: Fly out, F4 (Popup, 34S)
Top of the 3rd over - 1 run(s), 1 hit(s), 0 error(s), 1 left on base; Lancaster 1 - Belvedere Park 5
BOTTOM OF THE 3RD
Belvedere Park Rawhides batting - Pitching for Lancaster Farmers : RHP Roberto Cantú
Batting: LHB Chris Henry 0-0: Called Strike
0-1: Ball
1-1: Ball
2-1: Called Strike
2-2: Ball
3-2: Foul Ball, location: 2F
3-2: Foul Ball, location: 2F
3-2: Strikes out swinging
Batting: SHB Ryan Cook 0-0: Fly out, F4 (Popup, 9S)
Batting: LHB Gustavo Vázquez 0-0: Ball
1-0: Ball
2-0: Foul Ball, location: 2F
2-1: Foul Ball, location: 2F
2-2: Foul Ball, location: 2F
2-2: Ball
3-2: Base on Balls
Batting: SHB Phil Moore 0-0: Called Strike
0-1: Called Strike
0-2: Strikes out swinging
Bottom of the 3rd over - 0 run(s), 0 hit(s), 0 error(s), 1 left on base; Lancaster 1 - Belvedere Park 5
TOP OF THE 4TH
Lancaster Farmers batting - Pitching for Belvedere Park Rawhides : RHP Álex Carrillo
Batting: RHB Keith Fish 0-0: Ball
1-0: Called Strike
1-1: Swinging Strike
1-2: Foul Ball, location: 2F
1-2: Ground out 1-3 (Groundball, 23)
Batting: RHB Brent Ryan 0-0: DOUBLE (Groundball, 5L)
Batting: RHB John Townsend 0-0: Ball
1-0: Ball
2-0: Ball
3-0: Base on Balls
Batting: SHB Janghyun Sam 0-0: Ball
1-0: Grounds into double play, 4-6-3 (Groundball, 4)
Top of the 4th over - 0 run(s), 1 hit(s), 0 error(s), 1 left on base; Lancaster 1 - Belvedere Park 5
BOTTOM OF THE 4TH
Belvedere Park Rawhides batting - Pitching for Lancaster Farmers : RHP Roberto Cantú
Batting: LHB Dinis Marcha 0-0: Called Strike
0-1: Ball
1-1: SINGLE (Line Drive, 3D)
Batting: RHB Enrique Pimentel 0-0: Fielders Choice at 2nd, 4-6 (Groundball, 4)
Batting: RHB Ralph McKnight 0-0: Ball
1-0: Ball
2-0: Ball
3-0: Called Strike
3-1: Foul Ball, location: 2F
3-2: Foul Ball, location: 2F
3-2: Grounds into double play, 6-4-3 (Groundball, 6)
Bottom of the 4th over - 0 run(s), 1 hit(s), 0 error(s), 0 left on base; Lancaster 1 - Belvedere Park 5
TOP OF THE 5TH
Lancaster Farmers batting - Pitching for Belvedere Park Rawhides : RHP Álex Carrillo
Batting: SHB Jim Henderson 0-0: Called Strike
0-1: Ball
1-1: Fly out, F8 (Line Drive, 8LM)
Batting: RHB Bennett Bates 0-0: Ground out 6-3 (Groundball, 6)
Batting: SHB Michel Perrin 0-0: Called Strike
0-1: Called Strike
0-2: SINGLE (Line Drive, 4D)
Batting: RHB Ricardo Pacheco 0-0: Called Strike
0-1: Ball
1-1: Ball
2-1: Foul Ball, location: 2F
2-2: Ball
3-2: Strikes out swinging
Top of the 5th over - 0 run(s), 1 hit(s), 0 error(s), 1 left on base; Lancaster 1 - Belvedere Park 5
BOTTOM OF THE 5TH
Belvedere Park Rawhides batting - Pitching for Lancaster Farmers : RHP Roberto Cantú
Batting: LHB Christian Blair 0-0: Ball
1-0: Called Strike
1-1: Ball
2-1: Ground out 4-3 (Groundball, 4)
Batting: RHB Justin Miles 0-0: Ground out 6-3 (Groundball, 6)
Batting: LHB Chris Henry 0-0: Foul Ball, location: 2F
0-1: Ball
1-1: Ball
2-1: SINGLE (Line Drive, 6D)
Batting: SHB Ryan Cook 0-0: Ball
1-0: Ball
2-0: Ball
3-0: Called Strike
3-1: Base on Balls
Chris Henry to second
Batting: LHB Gustavo Vázquez 0-0: Called Strike
0-1: Ball
1-1: Foul Ball, location: 2F
1-2: Strikes out swinging
Bottom of the 5th over - 0 run(s), 1 hit(s), 0 error(s), 2 left on base; Lancaster 1 - Belvedere Park 5
TOP OF THE 6TH
Lancaster Farmers batting - Pitching for Belvedere Park Rawhides : RHP Álex Carrillo
Batting: LHB Rob Wilson 0-0: Called Strike
0-1: Ball
1-1: Ball
2-1: Ball
3-1: Foul Ball, location: 2F
3-2: Strikes out swinging
Batting: RHB Keith Fish 0-0: Ball
1-0: Ball
2-0: Called Strike
2-1: Foul Ball, location: 2F
2-2: Foul Ball, location: 2F
2-2: Ball
3-2: Foul Ball, location: 2F
3-2: Ground out 1-3 (Groundball, 25)
Batting: RHB Brent Ryan 0-0: Ball
1-0: Foul Ball, location: 2F
1-1: Foul Ball, location: 2F
1-2: Fly out, F7 (Line Drive, 7M)
Top of the 6th over - 0 run(s), 0 hit(s), 0 error(s), 0 left on base; Lancaster 1 - Belvedere Park 5
BOTTOM OF THE 6TH
Belvedere Park Rawhides batting - Pitching for Lancaster Farmers : RHP Roberto Cantú
Batting: SHB Phil Moore 0-0: Called Strike
0-1: Ball
1-1: Foul Ball, location: 2F
1-2: Ball
2-2: Fly out, F7 (Flyball, 7D)
Batting: LHB Dinis Marcha 0-0: Called Strike
0-1: Ball
1-1: SOLO HOME RUN (Line Drive, 89XD), Distance : 431 ft
Pitching: RHP Craig Evans
Batting: RHB Enrique Pimentel 0-0: Called Strike
0-1: Foul Ball, location: 2F
0-2: Fly out, F8 (Flyball, 8RD)
Batting: RHB Ralph McKnight 0-0: Fly out, F9 (Flyball, 9M)
Bottom of the 6th over - 1 run(s), 1 hit(s), 0 error(s), 0 left on base; Lancaster 1 - Belvedere Park 6
TOP OF THE 7TH
Lancaster Farmers batting - Pitching for Belvedere Park Rawhides : RHP Álex Carrillo
Batting: RHB John Townsend 0-0: Ball
1-0: Called Strike
1-1: DOUBLE (Line Drive, 5D)
Pitching: LHP Artie Carroll
Batting: SHB Janghyun Sam 0-0: Ball
1-0: Fly out, F8 (Popup, 4MD)
Batting: SHB Jim Henderson 0-0: Called Strike
0-1: Called Strike
0-2: Fly out, F8 (Flyball, 8LM)
Batting: RHB Bennett Bates 0-0: Called Strike
0-1: Ball
1-1: Ball
2-1: Foul Ball, location: 2F
2-2: Foul Ball, location: 2F
2-2: Foul Ball, location: 2F
2-2: Ground out 6-3 (Groundball, 6)
Top of the 7th over - 0 run(s), 1 hit(s), 0 error(s), 1 left on base; Lancaster 1 - Belvedere Park 6
BOTTOM OF THE 7TH
Belvedere Park Rawhides batting - Pitching for Lancaster Farmers : RHP Craig Evans
Batting: LHB Christian Blair 0-0: Ball
1-0: Foul Ball, location: 2F
1-1: Called Strike
1-2: Ball
2-2: Fly out, F7 (Line Drive, 7M)
Batting: RHB Justin Miles 0-0: Ball
1-0: SINGLE (Groundball, 34S)
Batting: LHB Chris Henry 0-0: Ball
1-0: Ball
2-0: Ball
3-0: Called Strike
3-1: Foul Ball, location: 2F
3-2: Fly out, F8 (Flyball, 8RM)
Batting: SHB Ryan Cook 0-0: Foul Ball, location: 2F
0-1: Swinging Strike
0-2: Ball
1-2: Strikes out looking
Bottom of the 7th over - 0 run(s), 1 hit(s), 0 error(s), 1 left on base; Lancaster 1 - Belvedere Park 6
TOP OF THE 8TH
Lancaster Farmers batting - Pitching for Belvedere Park Rawhides : LHP Artie Carroll
Now at 3B: Jeff Cox
Now in LF: Travis Brumback
Batting: SHB Michel Perrin 0-0: Ball
1-0: Swinging Strike
1-1: SINGLE (Groundball, 6M)
Batting: RHB Ricardo Pacheco 0-0: Ball
1-0: Called Strike
1-1: Ball
2-1: Ball
3-1: Called Strike
3-2: Base on Balls
Michel Perrin to second
Batting: LHB Rob Wilson 0-0: Foul Ball, location: 2F
0-1: Swinging Strike
0-2: Ball
1-2: Foul Ball, location: 2F
1-2: Ball
2-2: SINGLE (Groundball, 34)
Michel Perrin to third
Ricardo Pacheco to second
Runner from 3rd tries for Home, SAFE, no throw or cutoff
Pitching: RHP Francisco García
Batting: RHB Keith Fish 0-0: Called Strike
0-1: Called Strike
0-2: Ball
1-2: Ball
2-2: Strikes out swinging
Batting: RHB Brent Ryan 0-0: Called Strike
Balk!
Ricardo Pacheco to third
Rob Wilson to second
0-1: Swinging Strike
0-2: Ball
1-2: Ground out 2-3 (Groundball, 13S)
Batting: RHB John Townsend 0-0: Swinging Strike
0-1: Ball
1-1: Swinging Strike
1-2: Foul Ball, location: 2F
1-2: Strikes out looking
Top of the 8th over - 1 run(s), 2 hit(s), 0 error(s), 2 left on base; Lancaster 2 - Belvedere Park 6
BOTTOM OF THE 8TH
Belvedere Park Rawhides batting - Pitching for Lancaster Farmers : RHP Craig Evans
Batting: LHB Gustavo Vázquez 0-0: Ball
1-0: Ground out 1-3 (Groundball, 25)
Batting: SHB Phil Moore 0-0: Ball
1-0: Foul Ball, location: 2F
1-1: Ball
2-1: Ball
3-1: Base on Balls
Batting: LHB Dinis Marcha 0-0: Ball
Phil Moore steals 2nd base
1-0: Foul Ball, location: 2F
1-1: Swinging Strike
1-2: Foul Ball, location: 2F
1-2: Ground out 4-3 (Groundball, 4)
Phil Moore to third
Batting: RHB Enrique Pimentel 0-0: Fly out, F8 (Flyball, 8LD)
Bottom of the 8th over - 0 run(s), 0 hit(s), 0 error(s), 1 left on base; Lancaster 2 - Belvedere Park 6
TOP OF THE 9TH
Lancaster Farmers batting - Pitching for Belvedere Park Rawhides : RHP Francisco García
Batting: SHB Janghyun Sam 0-0: Ball
1-0: Ball
2-0: Ball
3-0: Called Strike
3-1: Base on Balls
Batting: SHB Jim Henderson 0-0: Called Strike
0-1: Fly out, F8 (Flyball, 8LXD)
Batting: RHB Bennett Bates 0-0: Called Strike
0-1: Ball
1-1: Swinging Strike
1-2: Ball
2-2: Foul Ball, location: 2F
2-2: Fly out, F8 (Flyball, 8LD)
Batting: SHB Michel Perrin 0-0: Foul Ball, location: 2F
0-1: Ball
1-1: Ball
2-1: Called Strike
2-2: Strikes out swinging
Top of the 9th over - 0 run(s), 0 hit(s), 0 error(s), 1 left on base; Lancaster 2 - Belvedere Park 6
This league is powered by Out of the Park Baseball, the baseball management simulation game for PC, Mac and Linux
Friday, January 22nd, 2016 - OOTP Baseball 16.9 Build 39